 Dungeon Crawl Stone Soup version 0.17-a0-1830-g81820eb (webtiles) character file.

170 kae the Slasher (level 5, 0/34 HPs)
             Began as a High Elf Skald on Sept 13, 2015.
             Was an Initiate of Okawaru.
             Succumbed to a worker ant's poison
             ... on level 2 of the Dungeon.
             The game lasted 00:05:29 (4056 turns).

kae the Slasher (High Elf Skald)                    Turns: 4056, Time: 00:05:29

Health: 0/34       AC:  7    Str: 16    XL:     5   Next: 26%
Magic:  9/9        EV: 16    Int: 21    God:    Okawaru [......]
Gold:   121        SH:  4    Dex: 20    Spells: 1 memorised, 7 levels left

rFire  . . .     SeeInvis .     a - +1 falchion
rCold  + . .     Clarity  .     b - +1 leather armour
rNeg   . . .     SustAt   .     l - +0 buckler
rPois  .         Gourm    .     (no helmet)
rElec  .         Spirit   .     (no cloak)
rCorr  .         Warding  .     (no gloves)
rMut   .         Stasis   .     q - +2 pair of boots
MR     .....                    (no amulet)
Stlth  +++.......               (no ring)
                                r - ring of protection from cold

@: mighty, brilliant, agile, lethally poisoned (0 -> -2), not resistant to
hostile enchantments, fairly stealthy
A: no striking features
a: Renounce Religion


You were on level 2 of the Dungeon.
You worshipped Okawaru.
Okawaru was noncommittal.
You were not hungry.

You visited 1 branch of the dungeon, and saw 3 of its levels.

You collected 121 gold pieces.

Inventory:

Hand weapons
 a - a +1 falchion (weapon)
Armour
 b - a +1 leather armour (worn)
 l - a +0 buckler (worn)
 q - a +2 pair of boots (worn)
Jewellery
 r - a ring of protection from cold (left hand)
Scrolls
 i - a scroll of remove curse
 j - 2 scrolls of identify
Potions
 h - 2 potions of flight
 k - 2 potions of might
Books
 c - a book of Battle

   Spells                             Type                      Level
   a - Infusion                       Charms                       1
   b - Shroud of Golubria             Charms/Translocation         2
   c - Song of Slaying                Charms                       2
   d - Spectral Weapon                Hexes/Charms                 3
   e - Regeneration                   Charms/Necromancy            3
Comestibles
 d - 2 bread rations
 f - a chunk of flesh
 m - 3 fruits


   Skills:
 - Level 2.0 Fighting
 + Level 6.7 Long Blades
 - Level 0.8 Armour
 - Level 1.1 Dodging
 - Level 2.4 Spellcasting
 - Level 3.6 Charms


You had 7 spell levels left.
You knew the following spells:

 Your Spells              Type           Power        Failure   Level  Hunger
a - Infusion              Chrm           ####..       1%          1    None


Dungeon Overview and Level Annotations

Branches:
Dungeon (3/15)

Altars:
Gozag
Okawaru
Yredelemnul


Message History

There is a stone staircase leading up here.
You climb upwards.
* * * LOW HITPOINT WARNING * * *
You feel sick.
There is a stone staircase leading down here.
There is a lethal amount of poison in your body!
Read which item? (? for menu, Esc to quit)
Okay, then.
Put on which piece of jewellery? (? for menu, Esc to quit)
Okay, then.
Use which ability?
Okay, then.
You aren't carrying any items that can be evoked.
Drink which item? (? for menu, Esc to quit)
Okay, then.
Memorise Regeneration, consuming 3 spell levels and leaving 4?
You start memorising the spell.
You continue memorising.
You continue memorising. x2
Your memorisation is interrupted.
You die...

#.# ##...## ##.###.# # #.####
##.....## #......# # #.##.##
##.......###.###..#
######.#...####.........##.# #..#
..............'..)......').###..#
######.#...####.........##.....##
###.##.## #........####...###
#.....## #######.## #......
#.###.# ##@## ### ###.### #.# #.#
#8...8# #.# #.###.# #.....# #.#
#.....# #8.....8### #.#
###.#######...(.##.# #.# #>#
#.##8...8##.# #.# #.#
#.##.....##.# #.#
#.####.#8.....8#.# #.#
#......##.....##.#######.#


There were no monsters in sight!

Vanquished Creatures
  An orc priest (D:3)
  A worker ant (D:3)
  2 gnolls (D:3)
  2 adders
  An ooze (D:3)
  2 worms (D:2)
  A giant gecko (D:1)
  2 orcs (D:3)
  A ball python (D:1)
  10 bats
  2 giant cockroaches
  4 hobgoblins
  8 jackals
  A quokka (D:3)
  6 giant newts
  11 goblins
  3 kobolds
  11 rats
69 creatures vanquished.

Notes
Turn   | Place    | Note
--------------------------------------------------------------
     0 | D:1      | kae the High Elf Skald began the quest for the Orb.
     0 | D:1      | Reached XP level 1. HP: 14/14 MP: 4/4
   726 | D:1      | Reached XP level 2. HP: 19/19 MP: 6/6
  1028 | D:1      | Reached skill level 4 in Long Blades
  1597 | D:1      | Reached XP level 3. HP: 16/24 MP: 5/7
  1803 | D:2      | Found an iron altar of Okawaru.
  1809 | D:2      | Became a worshipper of Warmaster Okawaru
  2400 | D:2      | Found a basalt altar of Yredelemnul.
  2925 | D:2      | Reached skill level 5 in Long Blades
  3223 | D:3      | Reached XP level 4. HP: 27/29 MP: 2/8
  3596 | D:3      | Found an opulent altar of Gozag.
  3828 | D:3      | Reached skill level 6 in Long Blades
  3841 | D:3      | Reached XP level 5. HP: 34/34 MP: 6/9
  4049 | D:3      | HP: 1/34 [poisoned by a worker ant]
  4056 | D:2      | Succumbed to a worker ant's poison

Vault maps used:
D:1:      dpeg_arrival_subterranean_lakeside_camping
D:2:      nicolae_overflow_crystal_walls, nicolae_overflow_hidden_temple,
          first_bread
D:3:      lemuel_castle_with_subvaults, old_standard_altar

Action                   |  1- 3 |  4- 6 || total
-------------------------+-------+-------++-------
Melee: Falchion          |   141 |    68 ||   209
 Cast: Infusion          |     9 |     5 ||    14
  Use: Scroll            |       |     7 ||     7
       Potion            |       |     3 ||     3
 Stab: Sleeping          |     1 |       ||     1
  Eat: Chunk             |     6 |     3 ||     9
       Fruit             |     1 |       ||     1
